 Dungeon Crawl Stone Soup version 0.29-a0-495-g17b79114eb (webtiles) character file.

Game seed: 12328945138913913511

385 Hubjo the Magician (level 6, -2/54 HPs)
             Began as a Deep Elf Fire Elementalist on May 27, 2022.
             Was a Believer of Sif Muna.
             Succumbed to Edmund's poison
             ... on level 5 of the Dungeon.
             The game lasted 00:12:10 (6279 turns).

Hubjo the Magician (Deep Elf Fire Elementalist)     Turns: 6279, Time: 00:12:11

Health: -2/54      AC: 23    Str:  5    XL:     6   Next: 48%
Magic:  4/15       EV:  2    Int: 26    God:    Sif Muna [**....]
Gold:   116        SH:  0    Dex: 15    Spells: 4/14 levels left

rFire   + . .      SeeInvis .   d - +7 dagger "Elf's Foe" {vorpal, rCorr Int+4}
rCold   . . .      Faith    .   (no shield)
rNeg    . . .      Spirit   .   (body armour currently unavailable)
rPois   +          Reflect  .   (helmet currently unavailable)
rElec   .          Harm     .   (cloak currently unavailable)
rCorr   +          Rampage  .   (gloves currently unavailable)
Will    .....      NoTele   +   (boots currently unavailable)
Stlth   +++.......              (no amulet)
HPRegen 0.00/turn               p - +4 ring of evasion
MPRegen 0.14/turn               s - ring of protection from fire

@: lethally poisoned (-2 -> -20), tree-form, very slightly contaminated,
inhibited regen
A: stationary, stasis, torment immunity, boosted hp, inhibited regeneration,
inability to read while threatened
a: Renounce Religion, Channel Magic


You were on level 5 of the Dungeon.
You worshipped Sif Muna.
Sif Muna was pleased with you.
You were a tree.
You visited 1 branch of the dungeon, and saw 5 of its levels.

You collected 116 gold pieces.

Inventory:

Hand Weapons
 d - the +7 dagger "Elf's Foe" (weapon) {vorpal, rCorr Int+4}
   (You found it on level 3 of the Dungeon)

   It inflicts extra damage upon your enemies.
   Int:       It affects your intelligence (+4).
   rCorr:     It protects you from acid and corrosion.
 m - a +1 spear of venom
Armour
 a - a +0 robe (melded)
 j - a +0 hat (melded)
 k - a scarf of invisibility (melded)
 t - a +2 leather armour of cold resistance
Jewellery
 p - a +4 ring of evasion (left branch)
 q - a ring of positive energy
 s - a ring of protection from fire (right branch)
Wands
 u - a wand of acid (5)
Scrolls
 e - a scroll of fear {unknown}
 h - 2 scrolls of fog
 i - a scroll of vulnerability
 l - a scroll of amnesia
 n - 3 scrolls of teleportation
Potions
 b - 2 potions of magic
 c - a potion of attraction {unknown}
 f - a potion of curing {unknown}
 o - a potion of flight
 w - a potion of berserk rage {unknown}


   Skills:
 + Level 2.8 Fighting
 - Level 2.4 Dodging
 + Level 4.4 Stealth
 + Level 4.8 Spellcasting
 - Level 1.1 Conjurations
 - Level 1.9 Summonings
 * Level 4.7 Fire Magic


You had 4 spell levels left.
You knew the following spells:

 Your Spells              Type           Power      Damage    Failure   Level
a - Foxfire               Conj/Fire      84%        2x1d8     2%          1
b - Summon Mana Viper     Hex/Summ       11%        N/A       82%         5
c - Flame Wave            Conj/Fire      21%        2d7       24%         4

Your spell library contained the following spells:

 Spells                   Type           Power      Damage    Failure   Level
 Scorch                   Fire           62%        2d8       1%          2
 Conjure Flame            Conj/Fire      21%        6-21      7%          3
 Inner Flame              Hex/Fire       18%        N/A       9%          3
 Sublimation of Blood     Necr           6%         N/A       12%         2
 Summon Ice Beast         Ice/Summ       11%        N/A       45%         4
 Petrify                  Tmut/Erth      6%         N/A       61%         4
 Irradiate                Conj/Tmut      4%         3d14      86%         5
 Monstrous Menagerie      Summ           8%         N/A       100%        7


Dungeon Overview and Level Annotations

Branches:
Dungeon (5/15)
 Temple: D:4-7

Altars:
Qazlal
Sif Muna

Annotations:
D:5 Edmund


Innate Abilities, Weirdness & Mutations

You are a tree.
Your roots penetrate the ground, keeping you stationary.
You cannot be teleported.
You are immune to unholy pain and torment.
Your maximum health is greatly increased.
Your equipment is partially melded.
You do not regenerate when monsters are visible.
You sometimes lose the ability to read scrolls when taking damage.


Message History

Your roots penetrate the ground.
You feel very sick. The scorpion barely misses you.
The scorpion stings you but does no damage.
Edmund hits you with a +0 flail of venom.
You closely miss Edmund.
Edmund is almost dead.
You feel very sick. The scorpion stings you.
You are more poisoned.
The scorpion poisons you!
The scorpion stings you but does no damage.
Edmund hits you but does no damage.
You hit Edmund but do no damage.
Edmund is almost dead.
You feel very sick. The scorpion barely misses you.
The scorpion stings you but does no damage.
The scorpion stings you.
* * * LOW HITPOINT WARNING * * *
The scorpion stings you but does no damage.
Edmund hits you with a +0 flail of venom.
* * * LOW HITPOINT WARNING * * *
It was a potion of flight.
Your roots keep you in place.
* * * LOW HITPOINT WARNING * * *
You feel very sick.
The scorpion stings you but does no damage. x2
Edmund hits you with a +0 flail of venom.
* * * LOW HITPOINT WARNING * * *
It was a potion of mutation.
You feel extremely strange.
You lose the ability to read scrolls when threatened.
Your regeneration stops near monsters.
* * * LOW HITPOINT WARNING * * *
You feel sick.
The scorpion stings you but does no damage. x2
Edmund hits you but does no damage.
You are more poisoned.
As you read the scroll of identify, it crumbles to dust.
h - 2 scrolls of fog You die...

#............>.
##.####.........
#..###..##......
#.#....## #...†.
.######.#.####
.#...
..........#
.##..
...####..######
.<
.............##
...#######§#♣@#
# #..ss.#
...........
...............
...............
...?..<........
......?.....#..
........#.....#


You could see Edmund and 2 scorpions.

Vanquished Creatures
  A scorpion (D:2)
  A hound (D:5)
  An iguana (D:4)
  An orc wizard (D:3)
  8 adders
  A worm (D:4)
  A dart slug (D:4)
  2 orcs (D:3)
  6 endoplasms
  5 giant cockroaches
  10 goblins
  7 hobgoblins
  5 kobolds
  A quokka (D:3)
  4 ball pythons
  5 bats
  7 frilled lizards
  7 rats
73 creatures vanquished.

Vanquished Creatures (collateral kills)
  A phantom (D:5)
1 creature vanquished.

Vanquished Creatures (others)
  An orc wizard (D:3)
  523 foxfires
524 creatures vanquished.

Grand Total: 598 creatures vanquished

Notes
Turn   | Place    | Note
-------+----------+-------------------------------------------
     0 | D:1      | Hubjo the Deep Elf Fire Elementalist began the quest for
                  | the Orb.
     0 | D:1      | Reached XP level 1. HP: 10/10 MP: 6/6
   625 | D:1      | Reached XP level 2. HP: 16/16 MP: 6/8
  1211 | D:1      | Found a faded altar of an unknown god.
  1221 | D:1      | Prayed at the altar of an unknown god.
  1221 | D:1      | Became a worshipper of Sif Muna the Loreminder
  1221 | D:1      | Reached * piety under Sif Muna
  1358 | D:1      | Reached skill level 1 in Fighting
  1934 | D:2      | Noticed a scorpion
  1946 | D:2      | Killed a scorpion
  1947 | D:2      | Reached XP level 3. HP: 16/21 MP: 3/10
  1947 | D:2      | Reached XP level 4. HP: 20/26 MP: 3/11
  3144 | D:3      | Identified the +7 dagger "Elf's Foe" {vorpal, rCorr Int+4}
  3430 | D:3      | Reached XP level 5. HP: 31/31 MP: 8/13
  3474 | D:3      | Learned a level 5 spell: Summon Mana Viper
  3712 | D:3      | Reached ** piety under Sif Muna
  4382 | D:3      | Reached skill level 1 in Summonings
  5555 | D:4      | Reached XP level 6. HP: 33/36 MP: 10/14
  6010 | D:4      | Learned a level 4 spell: Flame Wave
  6011 | D:5      | Entered Level 5 of the Dungeon
  6197 | D:5      | Found a stormy altar of Qazlal.
  6261 | D:5      | Noticed Edmund
  6278 | D:5      | Gained mutation: You sometimes lose the ability to read
                  | scrolls when taking damage. [potion of mutation]
  6278 | D:5      | Gained mutation: You do not regenerate when monsters are
                  | visible. [potion of mutation]
  6278 | D:5      | HP: 2/54 [poisoned by a scorpion]
  6279 | D:5      | Succumbed to Edmund's poison

Illustrated notes

Levels and vault maps discovered:
D:1:      shiori_shiawase, layout_loops_corners,
          hellmonk_ecumenical_altar_pennies_from_heaven
D:2:      layout_loops_corners
D:3:      layout_loops_corners, serial_aquarium, aquarium_bridge_island_small
          [aquarium_subvault_small_water, aquarium_subvault_bridge,
          aquarium_subvault_wall, aquarium_subvault_bridge,
          aquarium_subvault_bridge], aquarium_bridge_straight
          [aquarium_subvault_bridge, aquarium_subvault_wall,
          aquarium_subvault_bridge, aquarium_subvault_balcony],
          aquarium_window_1, aquarium_window_1, aquarium_window_fake,
          aquarium_window_2, aquarium_view_2c, aquarium_view_2e
D:4:      layout_loops_ring, dk_noncrumbling_3
D:5:      layout_rooms, old_standard_altar, minivault_5, uniq_eustachio,
          uniq_edmund

Skill      XL: |  1  2  3  4  5 |
---------------+----------------+-----
Fighting       | 1 2 |  2.8
Stealth        | 3 4 |  4.4
Spellcasting   | 4 |  4.8
Fire Magic     | 4 |  4.7
Summonings     | 1 |  1.9
Dodging        | |  2.4
Conjurations   | |  1.1

Action                   |  1- 3 |  4- 6 || total
-------------------------+-------+-------++-------
Melee: Unarmed           |     1 |       ||     1
       Dagger            |       |    27 ||    27
       Punch             |       |     1 ||     1
 Cast: Foxfire           |    80 |   259 ||   339
       Summon Mana Viper |       |     1 ||     1
  Use: Scroll            |       |     4 ||     4
       Potion            |       |     5 ||     5
Armor: Robe              |     4 |     5 ||     9
       Skin              |       |    26 ||    26
       Leather armour    |       |     2 ||     2
Dodge: Dodged            |     9 |    24 ||    33

Table legend: (Time is in decaauts)
 A = Elapsed time spent in this place.
 B = Non-inter-level travel time spent in this place.
 C = Inter-level travel time spent in this place.
 D = Time resting spent in this place.
 E = Time spent auto-exploring this place.
 F = Levels seen in this place.
 G = Mean time per level.
                   A        B        C        D        E       F      G
               +--------+--------+--------+--------+--------+-----+--------+
         Total |   6279 |   6134 |    145 |      0 |   5349 |   5 | 1255.8 |
       Dungeon |   6279 |   6134 |    145 |      0 |   5349 |   5 | 1255.8 |
               +--------+--------+--------+--------+--------+-----+--------+

Top non-repeatable levels by time:
     D:1: 1663 daAuts
     D:3: 1644 daAuts
     D:2: 1476 daAuts
     D:4: 1227 daAuts
     D:5: 267 daAuts
